AoeStats
← NPG Dkastro

Arabia

509773911Analyzed
1v1 RM · 3d ago on Sep 28, 2026· 31m 43s· 2 players
Game mode
Random Map
Map size
Tiny (2 player)
Population
200
Speed
Normal
Resources
Standard
Victory
Conquest
Starting age
Dark Age
Ending age
Imperial Age
RankedLock teamsTeams togetherTeam positionsShared explorationLock speedFull tech treeHidden civsTurbo modeCheats
Victory
Defeat
🇨🇱 Malay · Chile
1889
+13
🇨🇱 Maya · Chile
1812
-13
benja23
6:48 Loom
9:12 Feudal Age
10:29 Double-Bit Axe
13:18 Fletching
16:18 Padded Archer Armor
17:01 Wheelbarrow
20:24 Castle Age
19:14 Gold Mining
19:25 Crossbowman
20:30 Bodkin Arrow
22:37 Bow Saw
24:16 Town Watch
24:17 Horse Collar
31:21 Imperial Age
30:42 Ballistics
30:58 Bracer
NPG Dkastro
0:27 Loom
9:15 Feudal Age
9:22 Man-at-Arms
12:11 Double-Bit Axe
14:42 Fletching
17:53 Wheelbarrow
20:59 Castle Age
19:08 Arson
20:18 Padded Archer Armor
21:10 Crossbowman
22:13 Bodkin Arrow
22:54 Bow Saw
23:05 Town Watch
24:39 Ballistics
27:36 Horse Collar
32:25 Leather Archer Armor
Connection lost

Rejoining the realm…

Still unreachable

The connection could not be restored.

Session expired

The server has moved on; the page needs a fresh start.